 Dungeon Crawl Stone Soup version 0.20-a0-647-gf178af5 (webtiles) character file.

8770 shinino the Cleaver (level 11, 0/101 HPs)
             Began as a Minotaur Berserker on Feb 15, 2017.
             Was a Priest of Trog.
             Killed from afar by an electric eel (4 damage)
             ... with a bolt of electricity
             ... on level 9 of the Dungeon.
             The game lasted 00:25:34 (9230 turns).

shinino the Cleaver (Minotaur Berserker)            Turns: 9230, Time: 00:25:35

Health: 0/101      AC: 16    Str: 26      XL:     11   Next: 14%
Magic:  10/10      EV: 11    Int:  2      God:    Trog [***...]
Gold:   472        SH:  4    Dex: 15 (16) Spells: 10/10 levels left

rFire    . . .     SeeInvis .   x - +0 war axe
rCold    . . .     Gourm    .   v - +0 plate armour
rNeg     . . .     Faith    .   (no shield)
rPois    .         Spirit   .   (helmet restricted)
rElec    .         Reflect  .   (no cloak)
rCorr    .         Harm     .   b - +0 pair of gloves
MR       ++...     Rnd*Rage +   (no boots)
Stlth    ..........             (no amulet)
Regen    1.3/turn               I - +4 ring of strength
MPRegen  0.2/turn               t - +3 ring of dexterity

@: regenerating
A: retaliatory headbutt, horns 2, large bone plates 1, berserk 1, deterioration
1, dopey 1, wild magic 2, evolution 1
a: Berserk, Trog's Hand, Burn Spellbooks, Renounce Religion


You were on level 9 of the Dungeon.
You worshipped Trog.
Trog was most pleased with you.
You were hungry.

You visited 1 branch of the dungeon, and saw 9 of its levels.
You also visited: Ossuary.

You collected 637 gold pieces.
You spent 165 gold pieces at shops.

Inventory:

Hand Weapons
 x - a +0 war axe (weapon)
Armour
 b - a +0 pair of gloves (worn)
 v - a +0 plate armour (worn)
Jewellery
 k - an uncursed ring of poison resistance
 s - an uncursed ring of see invisible
 t - a +3 ring of dexterity (left hand)
 I - a +4 ring of strength (right hand)
Wands
 h - a wand of digging (10/24)
 z - a wand of paralysis (4/24)
 A - a wand of confusion (26/48)
 E - a wand of iceblast (12/15)
Scrolls
 a - 3 scrolls of identify
 d - a scroll of fog {unknown}
 g - 6 scrolls of remove curse
 l - 2 scrolls of fear
 u - 6 scrolls of teleportation
 w - a scroll of recharging {unknown}
 y - a scroll of enchant weapon {unknown}
 G - a scroll of blinking {unknown}
 J - a scroll of vulnerability {unknown}
 K - 2 scrolls of amnesia {unknown}
Potions
 e - a potion of ambrosia {unknown}
 f - 4 potions of might
 j - a potion of berserk rage {unknown}
 n - 6 potions of mutation
 p - 10 potions of curing
 q - 4 potions of haste
 r - 2 potions of invisibility {unknown}
 B - 2 potions of resistance
 D - a potion of agility {unknown}
 F - a potion of degeneration {unknown}
 H - a potion of flight {unknown}
Comestibles
 c - 8 bread rations
 i - 8 meat rations
 m - 4 chunks of flesh
 o - 5 fruits
 C - 6 royal jellies


   Skills:
 - Level 10.3 Fighting
 + Level 13.4 Axes
 - Level 10.3 Armour
 + Level 7.2 Dodging


You had 10 spell levels left.
You didn't know any spells.

Dungeon Overview and Level Annotations

Branches:
Dungeon (9/15)             Temple (0/1) D:5            Lair (0/6) D:9
    Orc: D:9-12

Altars:
Elyvilon
Qazlal
Uskayaw
Yredelemnul

Shops:
D:7 ?


Innate Abilities, Weirdness & Mutations

You reflexively headbutt those who attack you in melee.
You have a pair of horns on your head.
You are partially covered in large bone plates. (SH +4)
You tend to lose your temper in combat.
Your body sometimes deteriorates upon taking damage.
You are dopey. (Int -2)
Your spells are harder to cast, but more powerful.
You evolve.


Message History

The bolt of electricity misses you.
The electric eel shoots out a bolt of lightning at you!
The bolt of electricity hits you!
* * * LOW HITPOINT WARNING * * *
Your body deteriorates!
You feel clumsy.
You feel better.
The electric eel shoots out a bolt of lightning at you!
The bolt of electricity hits you!
* * * LOW HITPOINT WARNING * * *
The electric eel shoots out a bolt of lightning at you!
The bolt of electricity hits you!
* * * LOW HITPOINT WARNING * * *
The electric eel shoots out a bolt of lightning at you!
The bolt of electricity hits you!
* * * LOW HITPOINT WARNING * * *
The electric eel shoots out a bolt of lightning at you!
The bolt of electricity misses you.
The electric eel shoots out a bolt of lightning at you!
The bolt of electricity hits you!
You die...

##.# # #÷# ## #.##
#. ##########
#..######.
.........#
##.#......
########.#
#.#......
.......#.#########
###..h.....
#####.#..........#
#....######
#.#..#######@#
##.....# #
#####.#..#
#.#####......####
......#..#
#...h............#
#######..#
#..≈....≈........#
#..#
#.....≈.≈.≈....≈.#
#..#
#....;.≈≈≈≈.≈....#
#..#
#....;≈≈≈≈.≈.≈≈≈)#
#.≈.;≈≈≈≈≈≈≈≈≈..$#
#.≈≈≈.≈≈o≈≈≈≈≈....


You could see 3 electric eels.

Vanquished Creatures
  A two-headed ogre (D:8)
  2 unseen horrors (D:8)
  Pikel (D:6)
  The ghost of gribnar the Twirler, a novice DsGl (D:5)
  A troll (D:9)
  2 hippogriffs (D:8)
  A human (D:9)
  5 yaks (D:9)
  4 hogs (D:9)
  Menkaure (D:7)
  A water moccasin (D:9)
  3 orc warriors
  2 slaves (D:6)
  An ice beast (D:9)
  A necrophage (D:6)
  A black bear (D:6)
  3 sky beasts
  3 ogres
  5 centaurs
  4 wolves (D:9)
  A phantom (D:7)
  A big kobold (D:8)
  6 bullfrogs
  3 scorpions
  A crimson imp (D:6)
  4 centaur zombies
  4 bullfrog zombies
  A quasit (D:8)
  2 hounds (D:9)
  2 jellies (D:9)
  4 orc priests
  3 iguanas
  5 orc wizards
  8 worker ants
  2 killer bee zombies (Ossuary)
  A hound zombie (Ossuary)
  12 mummies (Ossuary)
  2 worker ant zombies
  6 gnolls
  A howler monkey zombie (Ossuary)
  17 adders
  2 shadow imps
  3 adder zombies (Ossuary)
  2 adder skeletons
  A worm (D:5)
  A dart slug (D:1)
  6 leopard geckos
  23 orcs
  3 ball pythons
  3 giant cockroaches
  4 goblins
  4 hobgoblins
  12 jackals
  3 quokkas
  10 bats
  9 frilled lizards
  2 giant cockroach zombies (Ossuary)
  A jackal zombie (Ossuary)
  17 kobolds
  A leopard gecko zombie (Ossuary)
  A quokka zombie (Ossuary)
  6 rats
243 creatures vanquished.

Vanquished Creatures (others)
  A crimson imp (D:6)
  An adder zombie (D:6)
2 creatures vanquished.

Grand Total: 245 creatures vanquished

Notes
Turn   | Place    | Note
-------+----------+-------------------------------------------
     0 | D:1      | shinino the Minotaur Berserker began the quest for the Orb.
     0 | D:1      | Reached XP level 1. HP: 19/19 MP: 0/0
   281 | D:1      | Reached XP level 2. HP: 21/27 MP: 1/1
   894 | D:2      | Reached skill level 4 in Axes
   894 | D:2      | Reached XP level 3. HP: 33/33 MP: 2/2
   903 | D:2      | Found a stormy altar of Qazlal.
  1222 | D:2      | Reached XP level 4. HP: 33/40 MP: 3/3
  1252 | D:2      | Reached ** piety under Trog
  1351 | D:2      | Found a faded altar of an unknown god.
  1388 | D:2      | You fall through a shaft for 2 floors!
  1423 | D:4      | Found a basalt altar of Yredelemnul.
  1507 | D:3      | Reached XP level 5. HP: 42/47 MP: 4/4
  2385 | D:4      | Noticed an ogre
  2390 | D:4      | Killed an ogre
  2390 | D:4      | Reached skill level 5 in Axes
  2862 | D:4      | Reached XP level 6. HP: 49/55 MP: 5/5
  3387 | D:4      | Reached *** piety under Trog
  3596 | D:5      | Entered Level 5 of the Dungeon
  3625 | D:5      | Noticed a sky beast
  3637 | D:5      | Killed a sky beast
  3637 | D:5      | Reached skill level 6 in Axes
  3641 | D:5      | Gained mutation: Your body sometimes deteriorates upon taking damage. [mutagenic meat]
  3666 | D:5      | Noticed gribnar's ghost (novice DsGl)
  3680 | D:5      | Killed gribnar's ghost
  3680 | D:5      | Reached skill level 8 in Axes
  3680 | D:5      | Reached XP level 7. HP: 60/60 MP: 6/6
  3767 | D:5      | Reached skill level 5 in Fighting
  3782 | D:5      | Gained mutation: Your spells are a little harder to cast, but a little more powerful. [mutagenic meat]
  3783 | D:5      | Gained mutation: You are dopey. (Int -2) [mutagenic meat]
  3898 | D:5      | Reached skill level 5 in Armour
  3988 | D:5      | Reached XP level 8. HP: 70/70 MP: 7/7
  4058 | D:5      | Found a staircase to the Ecumenical Temple.
  4307 | D:5      | Reached skill level 9 in Axes
  4738 | D:6      | Noticed Pikel
  4750 | D:6      | Paralysed by Pikel for 4 turns
  4766 | D:6      | Killed Pikel
  4766 | D:6      | Reached skill level 10 in Axes
  4846 | D:6      | Reached XP level 9. HP: 74/79 MP: 8/8
  5443 | D:7      | Reached **** piety under Trog
  5561 | D:7      | Noticed Menkaure
  5568 | D:7      | Killed Menkaure
  6090 | D:7      | Found Festialo's Magic Scroll Emporium.
  6099 | D:7      | Reached skill level 11 in Axes
  6128 | D:7      | Bought a scroll of identify for 30 gold pieces
  6128 | D:7      | Bought a scroll of remove curse for 45 gold pieces
  6128 | D:7      | Bought a scroll of identify for 30 gold pieces
  6128 | D:7      | Bought a scroll of identify for 30 gold pieces
  6128 | D:7      | Bought a scroll of identify for 30 gold pieces
  7539 | D:8      | Found a sand-covered staircase.
  7555 | Ossuary  | Entered an ossuary
  7627 | Ossuary  | Reached XP level 10. HP: 77/91 MP: 9/9
  7893 | D:8      | Gained mutation: You evolve. [mutagenic meat]
  7894 | D:8      | Gained mutation: You are partially covered in large bone plates. (SH +4) [mutagenic meat]
  7895 | D:8      | Gained mutation: Your spells are harder to cast, but more powerful. [mutagenic meat]
  7896 | D:8      | Gained mutation: You tend to lose your temper in combat. [mutagenic meat]
  7998 | D:8      | Noticed an unseen horror
  8011 | D:8      | Killed an unseen horror
  8011 | D:8      | Reached skill level 10 in Fighting
  8011 | D:8      | Reached skill level 10 in Armour
  8203 | D:8      | Noticed an unseen horror
  8221 | D:8      | Killed an unseen horror
  8221 | D:8      | Reached skill level 12 in Axes
  8671 | D:8      | Noticed a two-headed ogre
  8692 | D:8      | Killed a two-headed ogre
  8692 | D:8      | Reached skill level 5 in Dodging
  8925 | D:9      | Found a white marble altar of Elyvilon.
  8974 | D:9      | Reached skill level 13 in Axes
  9057 | D:9      | Found a hide-covered altar of Uskayaw.
  9060 | D:9      | Noticed a hand axe
  9061 | D:9      | Noticed a hand axe
  9078 | D:9      | Reached XP level 11. HP: 101/101 MP: 10/10
  9215 | D:9      | Found a staircase to the Lair.
  9229 | D:9      | HP: 2/101 [electric eel/bolt of electricity (11)]
  9230 | D:9      | Killed from afar by an electric eel

Vault maps used:
D:1:      wheals_arrival_shading
D:2:      grunt_qazlal_clouds, chequers_ecumenical_altar_simple_redux
D:3:      first_bread, minmay_misc_feat_square
D:4:      yredelemnul_altar_generic
D:5:      minmay_temple_entry_glassed_door, minmay_misc_feat_four_crosses,
          serial_bayou_pond_e, kennysheep_small_square
D:6:      minmay_holes, columned_hall_lemuel, uniq_pikel
D:7:      serial_shops, shop_coins, uniq_menkaure
D:8:      nicolae_ossuary_entry_monument
D:9:      kennysheep_little_box, dancing_weapons_uskayaw, elyvilon_altar_4,
          erik_lair_island, grunt_livestock
Ossuary:  ossuary_zaba_flooded

Skill      XL: |  1  2  3  4  5  6  7  8  9 10 11 |
---------------+----------------------------------+-----
Armour         | 3 4 5 7 9 10 | 10.3
Fighting       | 4 5 7 9 10 | 10.3
Axes           | 4 5 8 10 11 13 | 13.4
Dodging        | 3 4 6 7 |  7.2

Action                   |  1- 3 |  4- 6 |  7- 9 | 10-12 || total
-------------------------+-------+-------+-------+-------++-------
Melee: Hand axe          |    72 |   133 |   155 |       ||   360
       Headbutt          |     7 |    17 |    78 |    53 ||   155
       War axe           |       |       |   150 |   185 ||   335
Invok: Trog's Hand       |       |     2 |     1 |     3 ||     6
       Burn Spellbooks   |       |     1 |     1 |       ||     2
       Berserk           |       |     1 |       |     1 ||     2
  Use: Scroll            |       |     3 |     3 |     3 ||     9
       Potion            |       |       |       |     1 ||     1
  Eat: Chunk             |     1 |     9 |    12 |    11 ||    33
       Fruit             |       |       |     3 |     2 ||     5
Armor: Animal skin       |    21 |    12 |       |       ||    33
       Chain mail        |       |    19 |   110 |       ||   129
       Plate armour      |       |       |    42 |   105 ||   147
Dodge: Dodged            |    62 |    94 |   141 |    92 ||   389
Block: Other             |       |       |       |    20 ||    20
